 Seeded DCSS version 0.30.1-6-gbe392663c4 (webtiles) character file.

Game seed: 1416809328348268147 (custom seed)

188 Psyclone the Chiller (level 5, 12/34 HPs)
             Began as a Deep Elf Ice Elementalist on Sept 20, 2023.
             Quit the game on level 6 of the Dungeon.
             The game lasted 00:03:54 (1074 turns).

Psyclone the Chiller (Deep Elf Ice Elementalist)    Turns: 1074, Time: 00:03:55

Health: 12/34      AC:  2    Str:  5    XL:     5   Next: 39%
Magic:  1/11       EV: 14    Int: 22    God:
Gold:   33         SH:  0    Dex: 15    Spells: 3/10 levels left

rFire   . . .        d - +0 dagger
rCold   . . .        (no shield)
rNeg    . . .        a - +0 robe
rPois   .            (no helmet)
rElec   .            (no cloak)
rCorr   .            (no gloves)
SInv    .            (no boots)
Will    .....        (no amulet)
Stlth   ++           (no ring)
HPRegen 0.25/turn    (no ring)
MPRegen 0.12/turn

%: no passive effects
@: no status effects
A: no striking features
a: no special abilities


You were on level 6 of the Dungeon.
You visited 1 branch of the dungeon, and saw 6 of its levels.

You collected 33 gold pieces.

Inventory:

Hand Weapons
 d - a +0 dagger (weapon)
Armour
 a - a +0 robe (worn)
Scrolls
 c - a scroll of identify {unknown}
 e - a scroll of teleportation {unknown}
Potions
 b - a potion of magic


   Skills:
 - Level 4.9 Fighting
 - Level 5.6 Dodging
 - Level 2.4 Stealth
 - Level 3.0 Spellcasting
 + Level 5.7 Ice Magic


You had 3 spell levels left.
You knew the following spells:

 Your Spells              Type           Power      Damage    Failure   Level
a - Freeze                Ice            100%       1d10      1%          1
b - Frozen Ramparts       Ice            56%        1d9       3%          3
c - Ozocubu's Armour      Ice            28%        N/A       3%          3

Your spell library contained the following spells:

 Spells                   Type           Power      Damage    Failure   Level
 Summon Ice Beast         Ice/Summ       15%        N/A       36%         4


Dungeon Overview and Level Annotations

Branches:
Dungeon (6/15) Zot: 26929
 Temple: D:4-7

Altars:
Gozag


Message History

Casting: Freeze (safe; 1% risk of failure)
Confirm with . or Enter, or press ? or * to list all spells.
You can't see any susceptible monsters within range! (Use Z to cast anyway.) Unknown command.
Casting: Freeze (safe; 1% risk of failure)
Confirm with . or Enter, or press ? or * to list all spells.
You can't see any susceptible monsters within range! (Use Z to cast anyway.) Unknown command.
The orc wizard hits you but does no damage.
Casting: Freeze (safe; 1% risk of failure)
Confirm with . or Enter, or press ? or * to list all spells.
Aiming: Freeze (safe; 1% risk of failure)
Press: ? - help, Shift-Dir - straight line, f - orc wizard
Aim: an orc wizard, wielding a +0 dagger and wearing a +0 robe You freeze the orc wizard.
The orc wizard is lightly wounded.
The orc wizard closely misses you.
You now have 2/11 mp.
Casting: Freeze (safe; 1% risk of failure)
Confirm with . or Enter, or press ? or * to list all spells.
Aiming: Freeze (safe; 1% risk of failure)
Press: ? - help, Shift-Dir - straight line, f/p - orc wizard
Aim: an orc wizard, wielding a +0 dagger and wearing a +0 robe (lightly wounded)
You freeze the orc wizard!
The orc wizard is severely wounded.
The orc wizard mumbles some strange words.
The orc wizard flickers and vanishes!
Deactivating autopickup; reactivate with Ctrl-A.
You now have 1/11 mp.
Casting: Freeze (safe; 1% risk of failure)
Confirm with . or Enter, or press ? or * to list all spells.
You can't see any susceptible monsters within range! (Use Z to cast anyway.)
You hit something but do no damage. Your punch misses something.
Something closely misses you.
You closely miss something. Something hits you.
You take 1 damage, and have 12/34 hp.
Are you sure you want to abandon this character and quit the game? (Confirm with "yes".)
Okay, then.
Unknown command.
Are you sure you want to abandon this character and quit the game? (Confirm with "yes".)

#######...# ##..##
#...# #...# ##..##
##..## ####### ##..##
##.....####..##
#.......{@..##
##...†########
####....##
........###
..........#
......###.### ###
....###.....##
###...# ....
#.8...8.###.o....[
#.#.##......o#......#


There were no monsters in sight!

Vanquished Creatures
  A howler monkey (D:4)
  3 hounds
  An orc priest (D:6)
  An adder (D:4)
  6 orcs
  A kobold (D:4)
13 creatures vanquished.

Notes
Turn   | Place    | Note
-------+----------+-------------------------------------------
     0 | D:1      | Psyclone the Deep Elf Ice Elementalist began the quest for
                  | the Orb.
     0 | D:1      | Reached XP level 1. HP: 10/10 MP: 6/6
     0 | D:1      | Noticed a minotaur
     0 | D:1      | Noticed a gargoyle
     4 | D:1      | Noticed an elf
     6 | D:1      | Noticed a dwarf
     7 | D:1      | Noticed a vine stalker
     8 | D:1      | Noticed a dwarf
     9 | D:1      | Noticed an octopode
    10 | D:1      | Noticed an elf
    12 | D:1      | Noticed an octopode
    13 | D:1      | Noticed a demigod
    14 | D:1      | Noticed a gargoyle
    17 | D:1      | Noticed a demonspawn
    19 | D:1      | Noticed a vampire
    19 | D:1      | Noticed an octopode
    66 | D:3      | Reached skill level 5 in Dodging
    66 | D:3      | Reached XP level 2. HP: 20/20 MP: 8/8
   143 | D:4      | Noticed a howler monkey
   151 | D:4      | Noticed a centaur
   160 | D:4      | Killed a howler monkey
   161 | D:4      | Reached XP level 3. HP: 7/25 MP: 4/9
   899 | D:4      | Reached skill level 5 in Ice Magic
   899 | D:4      | Reached XP level 4. HP: 25/30 MP: 6/10
   958 | D:4      | Learned a level 3 spell: Frozen Ramparts
   962 | D:4      | Learned a level 3 spell: Ozocubu's Armour
   987 | D:5      | Entered Level 5 of the Dungeon
  1021 | D:6      | Reached XP level 5. HP: 34/34 MP: 7/11
  1024 | D:6      | Found an opulent altar of Gozag.
  1074 | D:6      | Quit the game

Illustrated notes

Levels and vault maps discovered:
D:1:      shiori_arrival_whats_in_store_for_you, layout_basic
D:2:      layout_rooms, serial_shops, shop, basic_altar
D:3:      layout_rooms, lemuel_tele_altar, nicolae_overflow_hallway_of_the_gods,
          chequers_serial_rivers_small_3
D:4:      layout_cave_pods, serial_shops, kennysheep_mini, uniq_duvessa
D:5:      layout_basic
D:6:      layout_layer_cave, grunt_gozag_statues

Skill      XL: |  1  2  3 |
---------------+----------+-----
Fighting       | 4 |  4.9
Dodging        | 5 |  5.6
Ice Magic      | 5 |  5.7
Stealth        | |  2.4
Spellcasting   | |  3.0

Action                     |  1- 3 |  4- 6 || total
---------------------------+-------+-------++-------
  Melee: Dagger            |       |     5 ||     5
         Punch             |       |     1 ||     1
   Cast: Freeze            |    14 |    18 ||    32
    Use: Potion            |     1 |       ||     1
 Armour: Robe              |     1 |     4 ||     5
  Dodge: Dodged            |     3 |    20 ||    23
